MLB
ST. LOUIS CARDINALS @ CHICAGO CUBS
08/23/2020
 
TOP OF THE 1ST
St. Louis Cardinals batting - Pitching for Chicago Cubs : RHP Brent Honeywell Jr.
Pitching: RHP Brent Honeywell Jr.
Batting: RHB Luis Urias 0-0: Ball
1-0: Ball
2-0: Ground out 1-3 (Groundball, 34S, EV 74.4 MPH)
Batting: LHB Juan Soto 0-0: Ball
1-0: Called Strike
1-1: Ball
2-1: Fly out, F6 (Popup, 6M, EV 60.6 MPH)
Batting: SHB Ozzie Albies 0-0: Fly out, F8 (Flyball, 8LD, EV 100.6 MPH)
Top of the 1st over - 0 runs, 0 hits, 0 errors, 0 left on base; St. Louis 0 - Chicago 0
BOTTOM OF THE 1ST
Chicago Cubs batting - Pitching for St. Louis Cardinals : RHP Jesse Scholtens
Pitching: RHP Jesse Scholtens
Batting: RHB Michael A. Taylor 0-0: Ball
1-0: Ball
2-0: Foul Ball, location: 2F
2-1: Swinging Strike
2-2: Strikes out swinging
Batting: RHB Lourdes Gurriel Jr. 0-0: Ball
1-0: Ball
2-0: Ball
3-0: Called Strike
3-1: Base on Balls
Batting: LHB Cody Bellinger 0-0: Ball
1-0: Foul Ball, location: 2F
1-1: Ball
2-1: Foul Ball, location: 2F
2-2: Ball
3-2: Base on Balls
Lourdes Gurriel Jr. to second
Batting: SHB Yoan Moncada 0-0: Ball
1-0: Foul Ball, location: 2F
1-1: Ball
2-1: Fly out, F6 (Popup, 6, EV 56.3 MPH)
Batting: RHB Paul DeJong 0-0: Swinging Strike
0-1: Ball
1-1: DOUBLE (Flyball, 8RXD, EV 106.9 MPH)
Lourdes Gurriel Jr. scores
Cody Bellinger to third
Runner from 3rd tries for Home, SAFE, no throw by CF
Batting: LHB Brandon Lowe 0-0: Foul Ball, location: 2F
0-1: Ball
1-1: Foul Ball, location: 2F
1-2: Strikes out swinging
Bottom of the 1st over - 2 runs, 1 hit, 0 errors, 1 left on base; St. Louis 0 - Chicago 2
TOP OF THE 2ND
St. Louis Cardinals batting - Pitching for Chicago Cubs : RHP Brent Honeywell Jr.
Batting: RHB Alex Bregman 0-0: Ball
1-0: Called Strike
1-1: Foul Ball, location: 2F
1-2: Fly out, F5 (Popup, 5F, EV 73.1 MPH)
Batting: LHB Austin Meadows 0-0: Called Strike
0-1: Foul Ball, location: 2F
0-2: Ball
1-2: Ball
2-2: SINGLE (Groundball, 34S, EV 73.1 MPH) (infield hit)
Batting: SHB Yasmani Grandal 0-0: Called Strike
0-1: Ball
1-1: Ball
2-1: Ball
3-1: Foul Ball, location: 2F
3-2: Base on Balls
Austin Meadows to second
Batting: RHB Todd Frazier 0-0: Ball
1-0: Fly out, F8 (Flyball, 78M, EV 85.6 MPH)
Batting: RHB Hernan Perez 0-0: Ball
1-0: Called Strike
1-1: Swinging Strike
1-2: DOUBLE (Line Drive, 78D, EV 101.9 MPH)
Austin Meadows scores
Yasmani Grandal to third
Batting: RHB Jesse Scholtens 0-0: Foul Ball, location: 2F
0-1: Ball
1-1: Ball
2-1: Swinging Strike
2-2: Strikes out swinging
Top of the 2nd over - 1 run, 2 hits, 0 errors, 2 left on base; St. Louis 1 - Chicago 2
BOTTOM OF THE 2ND
Chicago Cubs batting - Pitching for St. Louis Cardinals : RHP Jesse Scholtens
Batting: RHB Hunter Dozier 0-0: Ball
1-0: Foul Ball, location: 2F
1-1: Swinging Strike
1-2: Foul Ball, location: 2F
1-2: Fly out, F8 (Flyball, 8LD, EV 88.8 MPH)
Batting: RHB Willson Contreras 0-0: Called Strike
0-1: Called Strike
0-2: Ball
1-2: Ball
2-2: Foul Ball, location: 2F
2-2: Strikes out swinging
Batting: RHB Brent Honeywell Jr. 0-0: Ball
1-0: Foul Ball, location: 2F
1-1: Foul Ball, location: 2F
1-2: Ball
2-2: Foul Ball, location: 2F
2-2: Ball
3-2: Foul Ball, location: 2F
3-2: Foul Ball, location: 2F
3-2: Ground out 4-3 (Groundball, 4, EV 78.8 MPH)
Bottom of the 2nd over - 0 runs, 0 hits, 0 errors, 0 left on base; St. Louis 1 - Chicago 2
TOP OF THE 3RD
St. Louis Cardinals batting - Pitching for Chicago Cubs : RHP Brent Honeywell Jr.
Batting: RHB Luis Urias 0-0: Called Strike
0-1: Swinging Strike
0-2: Foul Ball, location: 2F
0-2: SINGLE (Line Drive, 6MD, EV 101.3 MPH)
Batting: LHB Juan Soto 0-0: Swinging Strike
0-1: Ball
1-1: Fly out, F8 (Flyball, 78D, EV 102.5 MPH)
Batting: SHB Ozzie Albies 0-0: Fly out, F6 (Popup, 6S, EV 79.4 MPH)
Batting: RHB Alex Bregman 0-0: Ball
1-0: 2-RUN HOME RUN (Line Drive, 7D, EV 106.9 MPH), Distance : 398 ft
Batting: LHB Austin Meadows 0-0: Foul Ball, location: 2F
0-1: SINGLE (Groundball, 13S, EV 76.3 MPH) (infield hit)
Batting: SHB Yasmani Grandal 0-0: Ball
1-0: SINGLE (Flyball, 78S, EV 97.5 MPH)
Austin Meadows to second
Batting: RHB Todd Frazier 0-0: Called Strike
0-1: Ball
1-1: Ball
2-1: Foul Ball, location: 2F
2-2: Fielders Choice at 2nd, 5-4 (Groundball, 56, EV 88.8 MPH)
Top of the 3rd over - 2 runs, 4 hits, 0 errors, 2 left on base; St. Louis 3 - Chicago 2
BOTTOM OF THE 3RD
Chicago Cubs batting - Pitching for St. Louis Cardinals : RHP Jesse Scholtens
Batting: RHB Michael A. Taylor 0-0: Called Strike
0-1: Swinging Strike
0-2: Ball
1-2: Strikes out swinging
Batting: RHB Lourdes Gurriel Jr. 0-0: Ball
1-0: Ball
2-0: SINGLE (Line Drive, 7S, EV 111.9 MPH)
Batting: LHB Cody Bellinger 0-0: Ball
1-0: Ball
2-0: Called Strike
2-1: Called Strike
2-2: Ball
3-2: Grounds into double play, 6-4-3 (Groundball, 6MD, EV 75.6 MPH)
Bottom of the 3rd over - 0 runs, 1 hit, 0 errors, 0 left on base; St. Louis 3 - Chicago 2
TOP OF THE 4TH
St. Louis Cardinals batting - Pitching for Chicago Cubs : RHP Brent Honeywell Jr.
Batting: RHB Hernan Perez 0-0: Called Strike
0-1: Ball
1-1: Called Strike
1-2: Ball
2-2: Ground out 6-3 (Groundball, 6, EV 80.0 MPH)
Batting: RHB Jesse Scholtens 0-0: Ball
1-0: Called Strike
1-1: Ball
2-1: Fly out, F7 (Flyball, 7LS, EV 84.4 MPH)
Batting: RHB Luis Urias 0-0: Ball
1-0: SINGLE (Groundball, 34D, EV 104.4 MPH)
Batting: LHB Juan Soto 0-0: Called Strike
0-1: Called Strike
0-2: Ball
1-2: Strikes out swinging
Top of the 4th over - 0 runs, 1 hit, 0 errors, 1 left on base; St. Louis 3 - Chicago 2
BOTTOM OF THE 4TH
Chicago Cubs batting - Pitching for St. Louis Cardinals : RHP Jesse Scholtens
Batting: SHB Yoan Moncada 0-0: Ball
1-0: SINGLE (Line Drive, 4MD, EV 101.3 MPH)
Batting: RHB Paul DeJong 0-0: Ball
1-0: Ball
2-0: Ball
3-0: Base on Balls
Yoan Moncada to second
Batting: LHB Brandon Lowe 0-0: SINGLE (Line Drive, 7S, EV 95.0 MPH)
Yoan Moncada to third
Paul DeJong to second
Runner from 3rd tries for Home, SAFE, throw by LF to home
Batting: RHB Hunter Dozier 0-0: Ball
1-0: Ball
2-0: Foul Ball, location: 2F
2-1: SINGLE (Line Drive, 78M, EV 101.3 MPH)
Paul DeJong to third
Brandon Lowe to second
Batting: RHB Willson Contreras 0-0: Ball
1-0: Called Strike
1-1: Ball
2-1: Called Strike
2-2: Foul Ball, location: 2F
2-2: Fly out, F8 (Flyball, 8RXD, EV 78.1 MPH)
Runner from 3rd tags up, SCORES, no throw by CF
Brandon Lowe to third
Batting: RHB Brent Honeywell Jr. 0-0: Ball
1-0: Sac Bunt to 15 - play at second, runner OUT! 1-6
Batting: RHB Michael A. Taylor 0-0: Foul Ball, location: 2F
0-1: Foul Ball, location: 2F
0-2: Foul Ball, location: 2F
0-2: Ball
1-2: Strikes out swinging
Bottom of the 4th over - 2 runs, 3 hits, 0 errors, 2 left on base; St. Louis 3 - Chicago 4
TOP OF THE 5TH
St. Louis Cardinals batting - Pitching for Chicago Cubs : RHP Brent Honeywell Jr.
Batting: SHB Ozzie Albies 0-0: Called Strike
0-1: Ball
1-1: Called Strike
1-2: Strikes out swinging
Batting: RHB Alex Bregman 0-0: Swinging Strike
0-1: Swinging Strike
0-2: Ball
1-2: Ground out U3 (Groundball, 3L, EV 103.8 MPH)
Batting: LHB Austin Meadows 0-0: Ball
1-0: Fly out, F8 (Flyball, 8LD, EV 75.0 MPH)
Top of the 5th over - 0 runs, 0 hits, 0 errors, 0 left on base; St. Louis 3 - Chicago 4
BOTTOM OF THE 5TH
Chicago Cubs batting - Pitching for St. Louis Cardinals : RHP Jesse Scholtens
Pitching: RHP Dillon Maples
Batting: RHB Lourdes Gurriel Jr. 0-0: SINGLE (Groundball, 13S, EV 66.9 MPH) (infield hit)
Batting: LHB Cody Bellinger 0-0: Ball
1-0: Ball
2-0: Ball
3-0: Base on Balls
Lourdes Gurriel Jr. to second
Batting: SHB Yoan Moncada 0-0: Swinging Strike
0-1: Ball
1-1: Ball
2-1: Swinging Strike
2-2: Strikes out swinging
Batting: RHB Paul DeJong 0-0: Ball
1-0: Ball
2-0: Called Strike
2-1: Called Strike
2-2: Foul Ball, location: 2F
2-2: Foul Ball, location: 2F
2-2: Fly out, F3 (Line Drive, 4, EV 67.5 MPH)
Lined into DP, U3 (Line Drive, 4, EV 73.1 MPH)
Bottom of the 5th over - 0 runs, 1 hit, 0 errors, 1 left on base; St. Louis 3 - Chicago 4
TOP OF THE 6TH
St. Louis Cardinals batting - Pitching for Chicago Cubs : RHP Brent Honeywell Jr.
Batting: SHB Yasmani Grandal 0-0: Called Strike
0-1: Called Strike
0-2: Ball
1-2: Strikes out swinging
Batting: RHB Todd Frazier 0-0: Called Strike
0-1: Ball
1-1: Foul Ball, location: 2F
1-2: Ball
2-2: Strikes out swinging
Batting: RHB Hernan Perez 0-0: Called Strike
0-1: Called Strike
0-2: Strikes out swinging
Top of the 6th over - 0 runs, 0 hits, 0 errors, 0 left on base; St. Louis 3 - Chicago 4
BOTTOM OF THE 6TH
Chicago Cubs batting - Pitching for St. Louis Cardinals : RHP Dillon Maples
Batting: LHB Brandon Lowe 0-0: Ball
1-0: Ball
2-0: Ball
3-0: Called Strike
3-1: Base on Balls
Batting: RHB Hunter Dozier 0-0: Ball
1-0: Ball
2-0: Called Strike
2-1: Called Strike
2-2: Ball
3-2: Fly out, F8 (Flyball, 8RD, EV 105.0 MPH)
Pitching: LHP Hoby Milner
Now in CF: Harrison Bader
Batting: RHB Willson Contreras 0-0: Ball
1-0: Ball
2-0: Ball
3-0: Base on Balls
Brandon Lowe to second
Pinch Hitting: RHB Kyle Lewis 0-0: Foul Ball, location: 2F
0-1: Foul Ball, location: 2F
0-2: Fly out, F7 (Flyball, 78M, EV 84.4 MPH)
Batting: RHB Michael A. Taylor 0-0: Ball
1-0: Foul Ball, location: 2F
1-1: Ball
2-1: Foul Ball, location: 2F
2-2: Fly out, F5 (Line Drive, 5, EV 71.9 MPH)
Bottom of the 6th over - 0 runs, 0 hits, 0 errors, 2 left on base; St. Louis 3 - Chicago 4
TOP OF THE 7TH
St. Louis Cardinals batting - Pitching for Chicago Cubs : RHP Brent Honeywell Jr.
Pitching: RHP Joe Kuzia
Batting: RHB Harrison Bader 0-0: Called Strike
0-1: Called Strike
0-2: Ball
1-2: Strikes out swinging
Batting: RHB Luis Urias 0-0: Called Strike
0-1: Ball
1-1: Ball
2-1: Foul Ball, location: 2F
2-2: Ball
3-2: Strikes out swinging
Batting: LHB Juan Soto 0-0: Called Strike
0-1: Ball
1-1: Ball
2-1: Swinging Strike
2-2: SINGLE (Line Drive, 78M, EV 105.6 MPH)
Batting: SHB Ozzie Albies 0-0: Ball
1-0: Ball
2-0: 2-RUN HOME RUN (Flyball, 89XD, EV 102.5 MPH) (Inside the Park)
Batting: RHB Alex Bregman 0-0: Ball
1-0: Ball
2-0: Foul Ball, location: 2F
2-1: Foul Ball, location: 2F
2-2: Ball
3-2: Fly out, F8 (Flyball, 78D, EV 101.3 MPH)
Top of the 7th over - 2 runs, 2 hits, 0 errors, 0 left on base; St. Louis 5 - Chicago 4
BOTTOM OF THE 7TH
Chicago Cubs batting - Pitching for St. Louis Cardinals : LHP Hoby Milner
Pitching: RHP Ben Rowen
Batting: RHB Lourdes Gurriel Jr. 0-0: Ball
1-0: Called Strike
1-1: Foul Ball, location: 2F
1-2: Foul Ball, location: 2F
1-2: Strikes out looking
Batting: LHB Cody Bellinger 0-0: Ball
1-0: Called Strike
1-1: Swinging Strike
1-2: Ball
2-2: DOUBLE (Flyball, 89XD, EV 93.1 MPH)
Batting: SHB Yoan Moncada 0-0: Ball
1-0: Ball
2-0: Ground out U3 (Groundball, 3, EV 82.5 MPH)
Cody Bellinger to third
Batting: RHB Paul DeJong 0-0: Called Strike
0-1: Foul Ball, location: 2F
0-2: Ball
1-2: Ball
2-2: Ball
3-2: Foul Ball, location: 2F
3-2: Strikes out swinging
Bottom of the 7th over - 0 runs, 1 hit, 0 errors, 1 left on base; St. Louis 5 - Chicago 4
TOP OF THE 8TH
St. Louis Cardinals batting - Pitching for Chicago Cubs : RHP Joe Kuzia
Pitching: RHP Juan Nicasio
Batting: LHB Austin Meadows 0-0: Ball
1-0: Called Strike
1-1: Ball
2-1: Foul Ball, location: 2F
2-2: Strikes out swinging
Batting: SHB Yasmani Grandal 0-0: Called Strike
0-1: Ball
1-1: Foul Ball, location: 2F
1-2: Ball
2-2: Ground out 4-3 (Groundball, 4, EV 89.4 MPH)
Batting: RHB Todd Frazier 0-0: Ball
1-0: Ball
2-0: Called Strike
2-1: Foul Ball, location: 2F
2-2: Ball
3-2: Base on Balls
Pinch Hitting: LHB Matt Olson 0-0: Ball
1-0: SINGLE (Flyball, 8LS, EV 92.5 MPH)
Todd Frazier to second
Batting: RHB Harrison Bader 0-0: Called Strike
0-1: Fly out, F7 (Flyball, 7, EV 90.0 MPH)
Top of the 8th over - 0 runs, 1 hit, 0 errors, 2 left on base; St. Louis 5 - Chicago 4
BOTTOM OF THE 8TH
Chicago Cubs batting - Pitching for St. Louis Cardinals : RHP Ben Rowen
Pitching: LHP Justin Wilson
Batting: LHB Brandon Lowe 0-0: Foul Ball, location: 2F
0-1: Foul Ball, location: 2F
0-2: Strikes out swinging
Batting: RHB Hunter Dozier 0-0: Foul Ball, location: 2F
0-1: SOLO HOME RUN (Flyball, 7D, EV 86.9 MPH), Distance : 383 ft
Batting: RHB Willson Contreras 0-0: Swinging Strike
0-1: Ball
1-1: Called Strike
1-2: Foul Ball, location: 2F
1-2: Strikes out looking
Pinch Hitting: RHB Mac Williamson 0-0: Called Strike
0-1: Ball
1-1: Called Strike
1-2: Foul Ball, location: 2F
1-2: Strikes out swinging
Bottom of the 8th over - 1 run, 1 hit, 0 errors, 0 left on base; St. Louis 5 - Chicago 5
TOP OF THE 9TH
St. Louis Cardinals batting - Pitching for Chicago Cubs : RHP Juan Nicasio
Pitching: RHP Nick Burdi
Batting: RHB Luis Urias 0-0: Ball
1-0: Ball
2-0: Ball
3-0: Base on Balls
Batting: LHB Juan Soto 0-0: Ball
1-0: Foul Ball, location: 2F
1-1: Ball
2-1: Ball
3-1: Base on Balls
Luis Urias to second
Batting: SHB Ozzie Albies 0-0: Ball
1-0: Foul Ball, location: 2F
1-1: Ball
2-1: Fielders Choice at 2nd, 3-6 (Groundball, 3, EV 86.9 MPH)
Luis Urias to third
Batting: RHB Alex Bregman 0-0: Ball
Pickoff Throw to First - Out! 1-3
1-0: Ball
2-0: Ball
3-0: Base on Balls
Batting: LHB Austin Meadows 0-0: Ball
1-0: Foul Ball, location: 2F
1-1: Swinging Strike
1-2: Ball
2-2: Fly out, F7 (Flyball, 7S, EV 87.5 MPH)
Top of the 9th over - 0 runs, 0 hits, 0 errors, 2 left on base; St. Louis 5 - Chicago 5
BOTTOM OF THE 9TH
Chicago Cubs batting - Pitching for St. Louis Cardinals : LHP Justin Wilson
Pitching: RHP Trevor Gott
Pinch Hitting: SHB Jeimer Candelario 0-0: Ball
1-0: Ball
2-0: Ball
3-0: Called Strike
3-1: Foul Ball, location: 2F
3-2: Ground out U3 (Groundball, 34, EV 85.6 MPH)
Batting: RHB Lourdes Gurriel Jr. 0-0: Called Strike
0-1: Ground out 6-3 (Groundball, 6, EV 86.3 MPH)
Batting: LHB Cody Bellinger 0-0: Ball
1-0: Ball
2-0: Ball
3-0: Called Strike
3-1: Base on Balls
Batting: SHB Yoan Moncada 0-0: Ball
1-0: Ball
2-0: Called Strike
2-1: SINGLE (Line Drive, 89S, EV 93.1 MPH)
Cody Bellinger to second
Runner from 2nd tries for 3rd, SAFE, throw by RF made to third
Batting: RHB Paul DeJong 0-0: Called Strike
0-1: Hit by Pitch
Yoan Moncada to second
Batting: LHB Brandon Lowe 0-0: Ball
1-0: SINGLE (Line Drive, 8LS, EV 100.0 MPH)
Cody Bellinger scores
Bottom of the 9th over - 1 run, 2 hits, 0 errors, 0 left on base; St. Louis 5 - Chicago 6
Wednesday, October 21st, 2020 - OOTP Baseball 21.6 Build 83